 Dungeon Crawl Stone Soup version 0.17.1-1-g73c8601 (webtiles) character file.

70 JustSomeDude the Sneak (level 4, 0/34 HPs)
             Began as a Demonspawn Assassin on Dec 22, 2015.
             Slain by a kobold
             ... wielding a +0 short sword
              (3 damage)
             ... on level 2 of the Dungeon.
             The game lasted 00:03:01 (868 turns).

JustSomeDude the Sneak (Demonspawn Assassin)         Turns: 868, Time: 00:03:01

Health: 0/34       AC:  3    Str: 12    XL:     4   Next: 3%
Magic:  4/4        EV: 14    Int: 12    God:
Gold:   78         SH:  0    Dex: 15    Spells: 0 memorised, 3 levels left

rFire  . . .     SeeInvis .     a - +2 dagger
rCold  . . .     Clarity  .     c - +0 robe
rNeg   . . .     SustAt   .     (no shield)
rPois  .         Gourm    .     (no helmet)
rElec  .         Spirit   .     d - +0 cloak
rCorr  .         Warding  .     (no gloves)
rMut   .         Stasis   .     (no boots)
MR     .....                    (no amulet)
Stlth  +++.......               (no ring)
                                (no ring)

@: not resistant to hostile enchantments, fairly stealthy
A: repulsion field 1, powered by pain 1
a: no special abilities


You were on level 2 of the Dungeon.
You were not hungry.

You visited 1 branch of the dungeon, and saw 2 of its levels.

You collected 78 gold pieces.

Inventory:

Hand Weapons
 a - a +2 dagger (weapon)
 b - a +0 blowgun
Missiles
 e - 8 poisoned needles
 f - 2 curare-tipped needles
Armour
 c - a +0 robe (worn)
 d - a +0 cloak (worn)
 t - a cursed +0 scale mail
Jewellery
 j - a cursed -3 ring of strength {unknown}
 q - an uncursed amulet of the gourmand {unknown}
Wands
 u - a wand of slowing (11)
 x - a wand of teleportation (3)
Scrolls
 h - a scroll of identify {unknown}
 l - a scroll of remove curse {unknown}
 m - a scroll of enchant armour {unknown}
 n - a scroll of amnesia {unknown}
 s - a scroll of recharging {unknown}
 w - a scroll of fear {unknown}
Potions
 k - 3 potions of curing {unknown}
 o - 2 potions of brilliance {unknown}
 r - a potion of agility {unknown}
 v - a potion of resistance {unknown}
Comestibles
 g - a bread ration
 i - a slice of pizza
 p - a meat ration


   Skills:
 + Level 2.3 Fighting
 + Level 2.2 Short Blades
 + Level 1.9 Throwing
 + Level 1.6 Dodging
 + Level 4.4 Stealth


You had 3 spell levels left.
You didn't know any spells.

Dungeon Overview and Level Annotations

Branches:
Dungeon (2/15)

Altars:
Ru


Innate Abilities, Weirdness & Mutations

You are surrounded by a mild repulsion field (EV +2).
You sometimes gain a little power by taking damage.


Message History

The hobgoblin barely misses you.
You hit the hobgoblin.
The hobgoblin is heavily wounded.
The hobgoblin barely misses you.
You closely miss the hobgoblin.
The hobgoblin is heavily wounded.
You closely miss the hobgoblin.
The hobgoblin is heavily wounded.
The hobgoblin hits you with a club.
* * * LOW HITPOINT WARNING * * *
You hit the hobgoblin.
The hobgoblin is heavily wounded.
The hobgoblin hits you with a club.
* * * LOW HITPOINT WARNING * * *
You hit the hobgoblin.
You kill the hobgoblin!
You hit the kobold.
The kobold is severely wounded.
The kobold hits you with a short sword.
You die...

### #<# ### #.# #.####.###
#..†...... #.####.###
####### #.# #.###
#......###########.####....
.........K@................
#(....?.##########.........
#.......# #.########
......... #.# #.......# #.#
#####...# #.# ##### #.. ...


You could see a kobold.

Vanquished Creatures
  Ijyb (D:2)
  2 adders (D:2)
  4 bats (D:1)
  A giant cockroach (D:1)
  4 hobgoblins
  A kobold (D:1)
  2 ball pythons
  2 giant newts
  4 goblins (D:1)
  4 rats (D:1)
25 creatures vanquished.

Notes
Turn   | Place    | Note
--------------------------------------------------------------
     0 | D:1      | JustSomeDude the Demonspawn Assassin began the quest for the Orb.
     0 | D:1      | Reached XP level 1. HP: 16/16 MP: 1/1
   139 | D:1      | Reached skill level 1 in Dodging
   300 | D:1      | Reached skill level 4 in Stealth
   300 | D:1      | Gained mutation: You are surrounded by a mild repulsion field (EV +2). [demonic ancestry]
   300 | D:1      | Reached XP level 2. HP: 19/22 MP: 2/2
   614 | D:2      | Gained mutation: You sometimes gain a little power by taking damage. [demonic ancestry]
   614 | D:2      | Reached XP level 3. HP: 18/27 MP: 3/3
   617 | D:2      | Noticed Ijyb
   636 | D:2      | Killed Ijyb
   746 | D:2      | Found a sacrificial altar of Ru.
   860 | D:2      | Reached XP level 4. HP: 6/34 MP: 4/4
   868 | D:2      | Slain by a kobold

Action                   |  1- 3 |  4- 6 || total
-------------------------+-------+-------++-------
Melee: Dagger            |   105 |     8 ||   113
 Stab: Sleeping          |     5 |       ||     5
       Distracted        |     1 |       ||     1
